 Dungeon Crawl Stone Soup version 0.29-a0-222-g5b244fca1f (webtiles) character file.

Game seed: 9774530895313965835

5268 Hasart the Carver (level 10, 0/124 HPs)
             Began as a Demigod Gladiator on Feb 27, 2022.
             Killed by divine providence
             ... invoked by a meliai
              (12 damage)
             ... on level 9 of the Dungeon.
             The game lasted 00:20:09 (9587 turns).

Hasart the Carver (Demigod Gladiator)               Turns: 9587, Time: 00:20:09

Health: 0/124      AC: 25    Str: 21    XL:     10   Next: 14%
Magic:  13/13      EV:  2    Int: 10    God:
Gold:   587        SH:  0    Dex: 27    Spells: 9/9 levels left

rFire   . . .      SeeInvis +   p - +1 dagger (venom)
rCold   . . .      Faith    .   (no shield)
rNeg    . . .      Spirit   .   (body armour currently unavailable)
rPois   +          Reflect  .   (helmet currently unavailable)
rElec   .          Harm     .   (cloak currently unavailable)
rCorr   .          Rampage  .   (gloves currently unavailable)
Will    +....      NoTele   +   (boots currently unavailable)
Stlth   ++++......              (no amulet)
HPRegen 0.30/turn               q - ring of see invisible
MPRegen 0.13/turn               w - +6 ring of strength

@: lethally poisoned (0 -> -4), tree-form
A: stationary, stasis, torment immunity, boosted hp, high MP 1, forlorn, divine
attributes
a: no special abilities


You were on level 9 of the Dungeon.
You were a tree.
You visited 1 branch of the dungeon, and saw 9 of its levels.

You collected 587 gold pieces.

Inventory:

Hand Weapons
 a - a +0 long sword
 f - a +2 dagger of electrocution
 p - a +1 dagger of venom (weapon)
 H - a +4 falchion
Missiles
 d - 5 throwing nets
 h - 14 poisoned darts (quivered)
Armour
 i - a +1 pair of gloves (melded)
 m - a +0 leather armour of poison resistance
 o - a +0 helmet (melded)
 s - the +2 leather armour of the Hanged Man {-Cast rF++}
   (You found it on level 4 of the Dungeon)

   rF:        It greatly protects you from fire.
   -Cast:     It prevents spellcasting.
 J - a +2 pair of boots (melded)
 K - the +0 scale mail of Qairur (melded) {rN+ Regen+ Int+2}
   (You found it on level 9 of the Dungeon)

   Int:       It affects your intelligence (+2).
   rN:        It protects you from negative energy.
   Regen:     It increases your rate of health regeneration.
Jewellery
 q - a ring of see invisible (left branch)
 u - a ring of fire
 w - a +6 ring of strength (right branch)
 x - a ring of flight
 y - a ring of positive energy
 E - a ring of positive energy
Wands
 r - a wand of flame (30)
Scrolls
 e - a scroll of noise
 g - 3 scrolls of teleportation {unknown}
 l - a scroll of holy word {unknown}
 C - a scroll of enchant weapon
 D - 2 scrolls of immolation
 F - a scroll of enchant armour
 I - a scroll of identify
Potions
 b - 3 potions of brilliance
 c - a potion of might {unknown}
 j - 3 potions of flight
 k - a potion of lignification
 n - a potion of magic {unknown}
 t - a potion of cancellation {unknown}
 v - 3 potions of curing {unknown}
 z - 2 potions of haste {unknown}
 A - 2 potions of attraction
 B - a potion of degeneration {unknown}
 G - a potion of resistance {unknown}


   Skills:
 + Level 5.7 Fighting
 * Level 8.4 Long Blades
 + Level 5.7 Throwing
 + Level 6.1 Dodging
 + Level 5.8 Stealth
 + Level 3.8 Evocations


You had 9 spell levels left.
You didn't know any spells.
Your spell library contained the following spells:

 Spells                   Type           Power      Damage    Failure   Level
 Animate Skeleton         Necr           0%         N/A       36%         1
 Apportation              Tloc           0%         N/A       36%         1
 Foxfire                  Conj/Fire      0%         2x1d4     36%         1
 Summon Small Mammal      Summ           0%         N/A       36%         1
 Conjure Flame            Conj/Fire      0%         6-21      75%         3
 Inner Flame              Hex/Fire       0%         N/A       75%         3
 Tukima's Dance           Hex            0%         N/A       75%         3
 Anguish                  Hex/Necr       0%         N/A       98%         4
 Cause Fear               Hex            0%         N/A       98%         4
 Flame Wave               Conj/Fire      0%         2d4       98%         4
 Passage of Golubria      Tloc           0%         N/A       98%         4
 Yara's Violent Unravell  Hex/Tmut       0%         3d3       100%        5
 Enfeeble                 Hex            0%         N/A       100%        7
 Discord                  Hex            0%         N/A       100%        8


Dungeon Overview and Level Annotations

Branches:
Dungeon (9/15)             Temple (0/1) D:4
   Lair: D:8-11         Orc: D:9-12

Shops:
D:1 [   D:4 *

Annotations:
D:8 1 runed translucent door, ma3's ghost, novice OpTm


Innate Abilities, Weirdness & Mutations

You are a tree.
Your roots penetrate the ground, keeping you stationary.
You cannot be teleported.
You are immune to unholy pain and torment.
Your maximum health is greatly increased.
Your equipment is partially melded.
You have an increased reservoir of magic. (+10% MP)
You shall have no god before yourself.
Your divine heritage dramatically boosts your attributes as you level up.


Message History

The meliai stings you but does no damage.
Unknown command.
You barely miss the meliai.
The meliai is severely wounded.
You feel sick. The meliai hits you but does no damage. The meliai stings you.
* * * LOW HITPOINT WARNING * * *
The meliai hits you with a +0 hand axe.
* * * LOW HITPOINT WARNING * * *
The meliai stings you but does no damage.
You barely miss the meliai.
The meliai is severely wounded.
You feel sick. The meliai hits you but does no damage.
The meliai stings you but does no damage.
Unknown command.
You hit the meliai but do no damage.
The meliai looks as sick as possible!
The meliai is almost dead.
You feel sick.
You kill the meliai!
The meliai barely misses you.
The meliai stings you but does no damage.
Unknown command.
You hit the meliai.
The meliai is poisoned.
The meliai is lightly wounded.
You feel sick. The meliai hits you but does no damage.
The meliai stings you but does no damage.
Unknown command.
You hit the meliai.
The meliai looks as sick as possible!
The meliai is moderately wounded.
You feel sick. The meliai hits you with a +0 hand axe.
* * * LOW HITPOINT WARNING * * *
The meliai stings you.
* * * LOW HITPOINT WARNING * * *
Unknown command.
You hit the meliai.
The meliai looks as sick as possible!
The meliai is heavily wounded.
You feel sick. The meliai barely misses you. The meliai stings you.
* * * LOW HITPOINT WARNING * * *
The meliai mumbles some strange prayers to its god against you.
Something smites you!
You die...

≈≈....≈≈≈.≈h≈.# #.#
≈...y.(≈≈≈.y... #.#
≈≈≈..≈≈≈≈h....# #.#
≈≈≈y≈≈≈≈≈≈..... #.#
.≈≈.≈≈≈..≈....# #.#
...≈..S.......# #.#
............y.# #.#
##.#...###########.#
........((y♣........#
###.#.###############
#... ##. #. #


You could see a meliai (extremely poisoned).

Vanquished Creatures
  A boulder beetle (D:8)
  2 meliai (D:9)
  A hornet (D:8)
  A basilisk (D:8)
  A steam dragon (D:7)
  3 water moccasins
  3 orc warriors
  3 ice beasts
  2 sky beasts
  3 black bears
  2 ogres
  3 wolves (D:9)
  2 centaurs
  A phantom (D:6)
  A kobold brigand (D:8)
  3 bullfrogs
  Blork the orc (D:6)
  A scorpion (D:5)
  5 killer bees
  6 wights
  3 howler monkeys
  8 hounds
  2 orc priests
  A jelly (D:6)
  4 iguanas
  6 orc wizards
  A gnoll (D:1)
  12 adders
  A white imp (D:6)
  A worm (D:2)
  4 dart slugs
  25 orcs
  6 bats
  11 endoplasms
  5 giant cockroaches
  7 goblins
  7 hobgoblins
  4 jackals (D:4)
  4 quokkas
  9 ball pythons
  6 frilled lizards
  11 kobolds
  6 rats
189 creatures vanquished.

Vanquished Creatures (others)
  A fungus (D:8)
  7 plants (D:8)
8 creatures vanquished.

Grand Total: 197 creatures vanquished

Notes
Turn   | Place    | Note
-------+----------+-------------------------------------------
     0 | D:1      | Hasart the Demigod Gladiator began the quest for the Orb.
     0 | D:1      | Reached XP level 1. HP: 17/17 MP: 3/3
   180 | D:1      | Reached skill level 3 in Long Blades
   180 | D:1      | Reached XP level 2. HP: 12/24 MP: 4/4
   586 | D:1      | Found Kogamuxoell's Antique Armour Shop.
   739 | D:1      | Reached skill level 1 in Stealth
   739 | D:1      | Reached XP level 3. HP: 22/29 MP: 5/5
  1619 | D:2      | You fall into a shaft and drop 1 floor!
  1635 | D:3      | Reached XP level 4. HP: 36/36 MP: 6/6
  2252 | D:3      | Noticed an ogre
  2512 | D:3      | Killed an ogre
  2513 | D:3      | Reached skill level 4 in Long Blades
  2513 | D:3      | Reached XP level 5. HP: 39/42 MP: 7/7
  3040 | D:4      | Noticed a black bear
  3066 | D:4      | Killed a black bear
  3067 | D:4      | Reached XP level 6. HP: 34/51 MP: 8/8
  3388 | D:4      | Identified the +2 leather armour of the Hanged Man {-Cast
                  | rF++}
  3444 | D:4      | Found Saan Ydinale's Elemental Accessories.
  3488 | D:4      | Found a staircase to the Ecumenical Temple.
  3903 | D:5      | Entered Level 5 of the Dungeon
  3950 | D:5      | Reached skill level 5 in Long Blades
  3950 | D:5      | Reached XP level 7. HP: 57/57 MP: 9/9
  4573 | D:6      | Identified the +0 ring mail of Fotiedij {*Corrode rN++
                  | Dex+4}
  4951 | D:6      | Reached XP level 8. HP: 55/66 MP: 10/10
  5003 | D:6      | Reached skill level 6 in Long Blades
  5285 | D:6      | Reached skill level 1 in Evocations
  5323 | D:6      | Noticed Blork the orc
  5708 | D:6      | Killed Blork the orc
  6199 | D:7      | Reached skill level 5 in Dodging
  6581 | D:7      | Reached XP level 9. HP: 72/72 MP: 11/11
  6738 | D:7      | Reached skill level 7 in Long Blades
  7283 | D:7      | Reached skill level 5 in Fighting
  7359 | D:8      | Reached skill level 5 in Throwing
  7359 | D:8      | Reached skill level 5 in Stealth
  7941 | D:8      | Noticed a boulder beetle
  7957 | D:8      | Killed a boulder beetle
  8822 | D:8      | Found a runed translucent door.
  8822 | D:8      | Noticed ma3's ghost (novice OpTm)
  8822 | D:8      | Identified the +7 trident of Resourcefulness {antimagic,
                  | Drain rCorr Str-3 Int+8}
  8870 | D:8      | Reached skill level 8 in Long Blades
  9237 | D:9      | Reached XP level 10. HP: 52/82 MP: 13/13
  9408 | D:9      | Identified the +0 scale mail of Qairur {rN+ Regen+ Int+2}
  9587 | D:9      | Killed from afar by a meliai

Illustrated notes

Levels and vault maps discovered:
D:1:      minmay_arrival_pointy, layout_rooms, serial_shops, shop
D:2:      minmay_skewed_foursquare, layout_rooms, kennysheep_cross_bottleneck
D:3:      layout_basic, ebering_ecumenical_altar_rust, minmay_misc_feat_alley
D:4:      layout_loops_ring, minmay_temple_entry_poolview,
          nicolae_elemental_shop
D:5:      layout_rooms, chequers_serial_rivers_micro_b,
          hangedman_decor_clover_reticule
D:6:      layout_basic, uniq_blork_the_orc
D:7:      layout_basic, hangedman_abyss_or_decor_passed
D:8:      layout_gridville, ebering_ghost_funeral_grove,
          kennysheep_generic_room_10
D:9:      layout_basic, lemuel_doored_altar, erik_lair_island, kennysheep_path_1

Skill      XL: |  1  2  3  4  5  6  7  8  9 |
---------------+----------------------------+-----
Fighting       | 2 3 4 5 |  5.7
Long Blades    | 3 4 5 6 8 |  8.4
Throwing       | 2 3 4 5 |  5.7
Stealth        | 1 2 3 4 5 |  5.8
Dodging        | 3 4 5 6 |  6.1
Evocations     | 2 3 |  3.8

Action                   |  1- 3 |  4- 6 |  7- 9 | 10-12 || total
-------------------------+-------+-------+-------+-------++-------
Melee: Long sword        |    21 |       |       |       ||    21
       Dagger            |   116 |   129 |   379 |    39 ||   663
       Punch             |       |     2 |     7 |       ||     9
Throw: Dart              |       |     5 |    39 |     3 ||    47
  Use: Scroll            |       |       |     9 |       ||     9
       Potion            |       |       |     2 |     1 ||     3
 Stab: Sleeping          |       |     5 |     9 |       ||    14
Armor: Ring mail         |    47 |    39 |       |       ||    86
       Leather armour    |       |     3 |    85 |     1 ||    89
       Skin              |       |       |       |    13 ||    13
       Scale mail        |       |       |       |     8 ||     8
Dodge: Dodged            |    98 |    91 |   273 |    39 ||   501

Table legend: (Time is in decaauts)
 A = Elapsed time spent in this place.
 B = Non-inter-level travel time spent in this place.
 C = Inter-level travel time spent in this place.
 D = Time resting spent in this place.
 E = Time spent auto-exploring this place.
 F = Levels seen in this place.
 G = Mean time per level.
                   A        B        C        D        E       F      G
               +--------+--------+--------+--------+--------+-----+--------+
         Total |   9477 |   9056 |    421 |   1202 |   6034 |   9 | 1053.0 |
       Dungeon |   9477 |   9056 |    421 |   1202 |   6034 |   9 | 1053.0 |
               +--------+--------+--------+--------+--------+-----+--------+

Top non-repeatable levels by time:
     D:8: 1452 daAuts
     D:7: 1441 daAuts
     D:6: 1406 daAuts
     D:1: 1110 daAuts
     D:2: 1051 daAuts
     D:4: 929 daAuts
     D:5: 852 daAuts
     D:3: 790 daAuts
     D:9: 442 daAuts
